[Event "January 9 Early 2024"]
[Site "https://www.chess.com"]
[Date "2024.01.11"]
[Round "9"]
[White "Bjerre, Jonas Buhl"]
[Black "Klukin, Kirill"]
[Result "1-0"]
[Board "99"]
[TimeControl "180+1"]
[WhiteFideId "1444948"]
[BlackFideId "24199273"]
[WhiteElo "2975"]
[BlackElo "2827"]
[WhiteTeam "DEN"]
[BlackTeam "RUS"]
[WhiteClock "0:00:31"]
[BlackClock "0:00:02"]

1. d4 Nf6 2. c4 Nc6 3. Nf3 e6 4. Nc3 Bb4 5. Qc2 d6 6. Bd2 O-O 7. a3 Bxc3 8. Bxc3 a5 9. e4 Re8 10. e5 dxe5 11. dxe5 Nd7 12. Bd3 h6 13. O-O-O Qe7 14. g4 Nc5 15. h4 Nxd3+ 16. Qxd3 b6 17. g5 h5 18. g6 Bb7 19. Ng5 f6 20. exf6 gxf6 21. Ne4 Ne5 22. Bxe5 fxe5 23. Rde1 Qf8 24. Kb1 Rad8 25. Qe2 Qf5 26. f3 Kg7 27. Rhg1 Rf8 28. Ref1 Rd4 29. Ka1 Bxe4 30. fxe4 Rxe4 31. Qd1 Rd4 32. Qc1 Rf4 33. Rd1 Kg8 34. g7 Re8 35. Qd2 Qf6 36. Qd7 Qe7 37. Qxe7 Rxe7 38. Rd8+ 1-0

[Event "January 9 Early 2024"]
[Site "https://www.chess.com"]
[Date "2024.01.11"]
[Round "9"]
[White "Kanyamarala, Tarun"]
[Black "Garbarino, Rodolfo"]
[Result "1-0"]
[Board "100"]
[TimeControl "180+1"]
[WhiteFideId "45004714"]
[BlackFideId "100412"]
[WhiteElo "2517"]
[BlackElo "2375"]
[WhiteTeam "IRL"]
[BlackTeam "ARG"]
[WhiteClock "0:00:41"]
[BlackClock "0:00:15"]

1. e4 e5 2. Nf3 Nc6 3. Nc3 Nf6 4. Bb5 Nd4 5. Bd3 Nxf3+ 6. Qxf3 Bc5 7. O-O d6 8. h3 Be6 9. Na4 Bb6 10. Nxb6 axb6 11. c3 g5 12. Be2 g4 13. hxg4 Bxg4 14. Qe3 Bxe2 15. Qxe2 Rg8 16. d3 Qd7 17. f4 Ng4 18. fxe5 dxe5 19. Rf3 O-O-O 20. Bd2 Qe6 21. b3 Rg6 22. Raf1 f6 23. Rg3 Rdg8 24. Qf3 Kb8 25. Be1 Qc6 26. d4 h5 27. d5 Qc5+ 28. Kh1 Qa3 29. Qe2 Qc5 30. Rh3 Rg5 31. Bd2 R5g6 32. Rxh5 Nh6 33. Rxh6 Rxg2 34. Qxg2 Rxg2 35. Rh8+ Ka7 36. Kxg2 Qb5 37. Rf2 Qd3 38. Rh3 Qxe4+ 39. Kh2 f5 40. c4 f4 41. Rg2 Qf5 42. b4 e4 43. Ra3+ Kb8 44. Rg8+ Qc8 45. Rxc8+ Kxc8 46. Bxf4 1-0

[Event "January 9 Early 2024"]
[Site "https://www.chess.com"]
[Date "2024.01.11"]
[Round "9"]
[White "Tifferet, Shakked"]
[Black "Kohler, Aran"]
[Result "1-0"]
[Board "101"]
[TimeControl "180+1"]
[WhiteFideId "2811529"]
[BlackFideId "1002856"]
[WhiteElo "2484"]
[BlackElo "2268"]
[WhiteTeam "ISR"]
[BlackTeam "NED"]
[WhiteClock "0:00:46"]
[BlackClock "0:00:04"]

1. Nc3 Nf6 2. e4 d5 3. e5 d4 4. exf6 dxc3 5. fxg7 cxd2+ 6. Qxd2 Qxd2+ 7. Bxd2 Bxg7 8. O-O-O Nc6 9. Nf3 Bg4 10. Bf4 e5 11. Be3 O-O 12. h3 Bxf3 13. gxf3 Rad8 14. Bd3 f5 15. Bc4+ Kh8 16. Bd5 Nb4 17. Bxb7 Rxd1+ 18. Rxd1 Rb8 19. a3 Na2+ 20. Kb1 Nc3+ 21. bxc3 Rxb7+ 22. Kc1 Bf8 23. Rd8 Kg7 24. a4 f4 25. Rd7+ Kg6 26. Bd2 Ba3+ 27. Kd1 Bd6 28. Ke2 Rb8 29. Kd3 Rf8 30. Ke4 Rf7 31. Rd8 Re7 32. c4 Kf6 33. Bc3 Ke6 34. a5 Kf7 35. a6 Bc5 36. Rd5 Bxf2 37. Rxe5 Be3 38. Rxe7+ Kxe7 39. Bd4 c5 40. Bxe3 fxe3 41. Kxe3 Kd6 42. Ke4 Ke6 43. f4 Kd6 44. Kf5 Ke7 45. Ke5 1-0

[Event "January 9 Early 2024"]
[Site "https://www.chess.com"]
[Date "2024.01.11"]
[Round "9"]
[White "Martinez, Shawn"]
[Black "Rodriguez Avila, Alvaro"]
[Result "1-0"]
[Board "102"]
[TimeControl "180+1"]
[WhiteFideId "2039770"]
[BlackFideId "24570249"]
[WhiteElo "2444"]
[BlackElo "2315"]
[WhiteTeam "USA"]
[BlackTeam "ESP"]
[WhiteClock "0:00:32"]
[BlackClock "0:00:01"]

1. e4 c5 2. Nc3 g6 3. Bc4 Bg7 4. Qf3 e6 5. Nb5 Qb6 6. Qg3 Na6 7. Nd6+ Kf8 8. e5 Ne7 9. Nf3 h6 10. c3 Nf5 11. Nxf5 exf5 12. h4 Qc6 13. O-O Qe4 14. d3 Qg4 15. Qh2 Nc7 16. Be3 b6 17. d4 Bb7 18. Nd2 f4 19. Bxf4 Ne6 20. Be3 cxd4 21. cxd4 g5 22. f3 Qxh4 23. Qxh4 gxh4 24. f4 Rc8 25. f5 Ng5 26. f6 h3 27. fxg7+ Kxg7 28. Bxg5 hxg5 29. Rxf7+ Kg6 30. Rf6+ Kg7 31. d5 h2+ 32. Kh1 Rxc4 33. Nxc4 Bxd5 34. Ne3 1-0

[Event "January 9 Early 2024"]
[Site "https://www.chess.com"]
[Date "2024.01.11"]
[Round "9"]
[White "Laddha, Shubh Jayesh"]
[Black "Jovic, Stanoje"]
[Result "1-0"]
[Board "103"]
[TimeControl "180+1"]
[WhiteFideId "30942799"]
[BlackFideId "905020"]
[WhiteElo "2568"]
[BlackElo "2423"]
[WhiteTeam "USA"]
[BlackTeam "SRB"]
[WhiteClock "0:00:25"]
[BlackClock "0:00:37"]

1. d4 Nf6 2. Nc3 d5 3. Bf4 e6 4. Nb5 Bd6 5. Nxd6+ cxd6 6. e3 O-O 7. Nf3 Nc6 8. c3 Re8 9. h3 e5 10. Bh2 Bf5 11. Be2 h6 12. O-O a6 13. Qb3 b5 14. a4 Na5 15. Qa2 Nc4 16. b3 Nb6 17. dxe5 Ne4 18. Rfc1 dxe5 19. Bxe5 Ng5 20. Bd4 Nxf3+ 21. Bxf3 Be4 22. Bxe4 dxe4 23. Rd1 Qc7 24. axb5 axb5 25. Bxb6 Qxb6 26. Qxa8 Rxa8 27. Rxa8+ Kh7 28. Rd7 Qe6 29. Raa7 Qxb3 30. Rac7 Kg6 31. Rxf7 Qxf7 32. Rxf7 Kxf7 33. g4 Ke6 34. f3 Kd5 35. Kf2 exf3 36. Kxf3 Kc4 37. e4 g5 38. Ke3 Kxc3 39. e5 b4 40. e6 b3 41. e7 b2 42. e8=Q b1=Q 43. Qc8+ Kb2 44. Qb8+ Kc1 45. Qxb1+ Kxb1 46. Ke4 1-0

[Event "January 9 Early 2024"]
[Site "https://www.chess.com"]
[Date "2024.01.11"]
[Round "9"]
[White "Goncalves, Samuel Jesus P"]
[Black "Feliz Dotel, Dewar Bienvenido"]
[Result "1-0"]
[Board "104"]
[TimeControl "180+1"]
[WhiteFideId "1945130"]
[BlackFideId "6402801"]
[WhiteElo "2417"]
[BlackElo "2158"]
[WhiteTeam "POR"]
[BlackTeam "DOM"]
[WhiteClock "0:00:22"]
[BlackClock "0:00:01"]

1. e4 c5 2. Nf3 g6 3. Bc4 Bg7 4. O-O Nc6 5. c3 d6 6. d3 Nf6 7. Re1 O-O 8. h3 d5 9. exd5 Nxd5 10. a4 b6 11. Bg5 Be6 12. Nbd2 h6 13. Bh4 Na5 14. Ba2 Nf4 15. Bxe6 Nxe6 16. Qc2 Nc6 17. Bg3 g5 18. Nc4 Nf4 19. Rad1 Rc8 20. h4 e6 21. Qd2 Qf6 22. Nd6 Rcd8 23. Ne4 Qg6 24. hxg5 Nh5 25. Bh4 Rd5 26. g4 hxg5 27. gxh5 Qxh5 28. Bg3 Qxf3 29. Nxg5 Qg4 30. Ne4 Rfd8 31. Qe3 Ne5 32. Kg2 1-0

[Event "January 9 Early 2024"]
[Site "https://www.chess.com"]
[Date "2024.01.11"]
[Round "9"]
[White "Rose, Felix"]
[Black "Sava, Ana-Maria"]
[Result "1-0"]
[Board "105"]
[TimeControl "180+1"]
[WhiteFideId "5105722"]
[BlackFideId "1213504"]
[WhiteElo "2243"]
[BlackElo "1835"]
[WhiteTeam "MEX"]
[BlackTeam "ROU"]
[WhiteClock "0:00:36"]
[BlackClock "0:00:40"]

1. e4 e5 2. Nf3 Nf6 3. Nxe5 Qe7 4. d4 d6 5. Nf3 Qxe4+ 6. Be2 Bg4 7. O-O Be7 8. Nc3 Qg6 9. Bd3 Qh5 10. Be2 Nbd7 11. h3 Bxh3 12. gxh3 Qxh3 13. Nh2 h5 14. Qd3 Qxd3 15. Bxd3 O-O-O 16. Re1 Bf8 17. Bg5 Re8 18. Bf5 Rxe1+ 19. Rxe1 Kd8 20. Nd5 c6 21. Bxd7 Kxd7 22. Nxf6+ gxf6 23. Bxf6 Rg8+ 24. Kh1 Rg6 25. Bh4 Bg7 26. c3 Re6 27. Rxe6 fxe6 28. f4 b6 29. Nf3 c5 30. Kg2 d5 31. Ne5+ Kd6 32. Kf3 cxd4 33. cxd4 a6 34. Be1 Bf6 35. Bb4+ Kc7 36. Nf7 Bxd4 37. b3 a5 38. Bd6+ Kc6 39. Be5 Bc5 40. Ng5 Be7 41. Nxe6 b5 42. Nd4+ Kc5 43. f5 a4 44. f6 Bf8 45. f7 axb3 46. axb3 1-0

[Event "January 9 Early 2024"]
[Site "https://www.chess.com"]
[Date "2024.01.11"]
[Round "9"]
[White "Kjartansson, David"]
[Black "Demin, Vladimir"]
[Result "0-1"]
[Board "106"]
[TimeControl "180+1"]
[WhiteFideId "2301130"]
[BlackFideId "4167457"]
[WhiteElo "2427"]
[BlackElo "2578"]
[WhiteTeam "ISL"]
[BlackTeam "RUS"]
[WhiteClock "0:00:14"]
[BlackClock "0:00:50"]

1. e4 e5 2. Nf3 Nc6 3. d4 exd4 4. Nxd4 Nf6 5. Nxc6 bxc6 6. e5 Qe7 7. Qe2 Nd5 8. h4 d6 9. c4 Nb6 10. exd6 cxd6 11. b3 d5 12. cxd5 Nxd5 13. Bb2 Qxe2+ 14. Bxe2 Bb4+ 15. Kf1 O-O 16. Na3 a5 17. Nc4 a4 18. h5 a3 19. Bd4 c5 20. Be5 Re8 21. Bf3 Bb7 22. Rd1 Rad8 23. Rh4 f6 24. Bd6 Nc3 25. Rd3 Bxf3 26. gxf3 Nxa2 27. Kg2 Nc1 28. Rd1 Nxb3 29. Ne3 a2 30. Nc2 a1=Q 31. Nxa1 Nxa1 32. Rxa1 Rxd6 33. Ra7 Rd4 34. f4 c4 35. h6 g5 36. Rg7+ Kh8 37. Rh1 Re7 38. Rxe7 Bxe7 39. Re1 Rd7 40. fxg5 fxg5 41. Re6 Rc7 42. Kf1 c3 43. Ra6 Kg8 44. Ke2 c2 45. Ra8+ Kf7 0-1

[Event "January 9 Early 2024"]
[Site "https://www.chess.com"]
[Date "2024.01.11"]
[Round "9"]
[White "Zemlyanskii, Ivan"]
[Black "Rustemov, Alexander"]
[Result "1/2-1/2"]
[Board "107"]
[TimeControl "180+1"]
[WhiteFideId "24249971"]
[BlackFideId "4119002"]
[WhiteElo "2978"]
[BlackElo "2820"]
[WhiteTeam "RUS"]
[BlackTeam "RUS"]
[WhiteClock "0:00:11"]
[BlackClock "0:00:41"]

1. d4 d5 2. c4 c6 3. Nf3 Nf6 4. e3 Bg4 5. h3 Bxf3 6. Qxf3 e6 7. Nc3 Nbd7 8. Bd2 Bb4 9. Bd3 a5 10. O-O O-O 11. Rad1 Qe7 12. Rfe1 Rfe8 13. a3 Bd6 14. e4 dxe4 15. Nxe4 Nxe4 16. Bxe4 Nf6 17. Bg5 h6 18. Bh4 Qd8 19. d5 exd5 20. cxd5 c5 21. Bxf6 Qxf6 22. Qxf6 gxf6 23. a4 c4 24. Bf5 Rxe1+ 25. Rxe1 Be5 26. Rc1 Rd8 27. Rxc4 Rxd5 28. Bc2 Rd4 29. Rxd4 Bxd4 30. b3 b6 31. Bd3 Kf8 32. g3 Ke7 33. Kg2 Bc5 34. f4 Bb4 35. Kf3 Be1 36. g4 Bb4 37. Ke4 Bc5 38. h4 Bg1 39. h5 Kf8 40. Kf5 Kg7 41. g5 fxg5 42. fxg5 hxg5 43. Kxg5 Be3+ 44. Kf5 Kh6 45. Be2 Bd4 46. Ke4 Bg1 47. Kf5 Bd4 48. Bc4 Kg7 49. h6+ 1/2-1/2

[Event "January 9 Early 2024"]
[Site "https://www.chess.com"]
[Date "2024.01.11"]
[Round "9"]
[White "Domingo Nunez, Alejandro"]
[Black "Dinu, Dumitru-Daniel"]
[Result "1-0"]
[Board "108"]
[TimeControl "180+1"]
[WhiteFideId "22245561"]
[BlackFideId "1208403"]
[WhiteElo "2678"]
[BlackElo "2491"]
[WhiteTeam "ESP"]
[BlackTeam "ROU"]
[WhiteClock "0:00:18"]
[BlackClock "0:00:01"]

1. Nf3 Nf6 2. g3 e6 3. Bg2 d5 4. O-O c5 5. d4 cxd4 6. Nxd4 e5 7. Nb3 Be6 8. Nc3 Be7 9. Bg5 Nbd7 10. f4 exf4 11. gxf4 Qb6+ 12. Kh1 Ng4 13. Bxe7 Ne3 14. Qd3 Kxe7 15. Na4 Bf5 16. Nxb6 Bxd3 17. exd3 Nxg2 18. Nxa8 Nh4 19. Nc7 Kd6 20. Nb5+ Kc6 21. N5d4+ Kd6 22. Rae1 Nf6 23. c4 Ng4 24. c5+ Kd7 25. f5 f6 26. Rf4 h5 27. h3 g5 28. fxg6 Nxg6 29. Rf5 Nh4 30. Rff1 Nh6 31. Rxf6 N4f5 32. c6+ bxc6 33. Nc5+ Kc7 34. Rxc6+ Kb8 35. Ree6 Nxd4 36. Rxh6 1-0

[Event "January 9 Early 2024"]
[Site "https://www.chess.com"]
[Date "2024.01.11"]
[Round "9"]
[White "Dyachuk, Artem"]
[Black "Kuhn, Clement"]
[Result "0-1"]
[Board "109"]
[TimeControl "180+1"]
[WhiteFideId "34107924"]
[BlackFideId "36099775"]
[WhiteElo "2696"]
[BlackElo "2593"]
[WhiteTeam "UKR"]
[BlackTeam "FRA"]
[WhiteClock "0:00:02"]
[BlackClock "0:00:37"]

1. e4 e6 2. d4 d5 3. Nc3 Nf6 4. e5 Nfd7 5. Nce2 c5 6. c3 Nc6 7. Nf3 f6 8. Nf4 Nb6 9. Bd3 cxd4 10. cxd4 Bb4+ 11. Bd2 Bxd2+ 12. Qxd2 O-O 13. h4 fxe5 14. dxe5 Nc4 15. Bxh7+ Kxh7 16. Ng5+ Kg8 17. Qd3 Qa5+ 18. Kf1 Rxf4 19. Qh7+ Kf8 20. Qh8+ Ke7 21. Qxg7+ Kd8 22. Nf7+ Kc7 23. Nd8+ Kb6 24. Nxc6 bxc6 25. h5 Qd2 26. Qg3 Ba6 27. Kg1 Rg8 28. Qb3+ Bb5 29. Rf1 Nxe5 30. Rh3 Rfg4 31. Rg3 Rxg3 32. fxg3 Qd4+ 33. Kh1 Ng4 34. Rf4 Qe3 35. Qxe3+ Nxe3 36. Rf6 e5 37. h6 e4 38. h7 Rh8 39. Rf7 Ng4 40. Rg7 e3 41. Kg1 e2 42. Re7 Rxh7 0-1

[Event "January 9 Early 2024"]
[Site "https://www.chess.com"]
[Date "2024.01.11"]
[Round "9"]
[White "Aronian, Levon"]
[Black "Bharath Subramaniyam H"]
[Result "1-0"]
[Board "110"]
[TimeControl "180+1"]
[WhiteFideId "13300474"]
[BlackFideId "46634827"]
[WhiteElo "3098"]
[BlackElo "2958"]
[WhiteTeam "USA"]
[BlackTeam "IND"]
[WhiteClock "0:00:27"]
[BlackClock "0:00:02"]

1. e4 c6 2. d4 d5 3. e5 Bf5 4. h4 a6 5. h5 c5 6. c3 Nc6 7. g4 Be4 8. f3 Bxb1 9. Rxb1 e6 10. a3 Rc8 11. b4 cxd4 12. cxd4 Be7 13. Be3 f6 14. f4 fxe5 15. fxe5 Bg5 16. Qd2 Bxe3 17. Qxe3 Nh6 18. Be2 O-O 19. Nh3 Qb6 20. Rd1 Na7 21. Ng5 Nb5 22. Qd3 Nf5 23. gxf5 Rxf5 24. Rg1 Rc3 25. Qd2 Qc6 26. Nxe6 Qxe6 27. Bxb5 Rff3 28. Qg5 Rf7 29. Be2 Qh3 30. Kd2 Rc2+ 31. Kxc2 Rc7+ 32. Bc4 Rxc4+ 33. Kd2 Rxd4+ 34. Ke2 Qh2+ 35. Rg2 Re4+ 36. Kf2 Qxe5 37. Qd8+ Kf7 38. Qxd5+ Qxd5 39. Rxd5 Re7 40. Rg3 Ke6 41. Re3+ 1-0

[Event "January 9 Early 2024"]
[Site "https://www.chess.com"]
[Date "2024.01.11"]
[Round "9"]
[White "Manukian, Artak"]
[Black "Souleidis, Georgios"]
[Result "1-0"]
[Board "111"]
[TimeControl "180+1"]
[WhiteFideId "13301373"]
[BlackFideId "4206827"]
[WhiteElo "2524"]
[BlackElo "2624"]
[WhiteTeam "ARM"]
[BlackTeam "GRE"]
[WhiteClock "0:00:26"]
[BlackClock "0:00:04"]

1. e4 c5 2. Nf3 e6 3. c3 d5 4. e5 d4 5. cxd4 cxd4 6. Bb5+ Nc6 7. Bxc6+ bxc6 8. Qa4 Ne7 9. Nxd4 Bd7 10. Nb3 c5 11. Qa5 Qxa5 12. Nxa5 Nd5 13. Nc3 Nf4 14. O-O Nd3 15. f4 g5 16. fxg5 Bg7 17. Ne4 Bxe5 18. Nf6+ Ke7 19. Nxd7 Kxd7 20. Rxf7+ Kd6 21. Nc4+ Kd5 22. Nxe5 Nxe5 23. Rf6 Rhg8 24. h4 Rg6 25. b3 Nd3 26. Ba3 Rag8 27. Raf1 h6 28. Rxg6 Rxg6 29. Rf6 Rxf6 30. gxf6 Ne5 31. Bb2 Nf7 32. g4 e5 33. Kf2 Ke6 34. Ba3 Kxf6 35. Bxc5 a6 36. a4 Ke6 37. Be3 e4 38. b4 Ne5 39. Kg3 Nf7 40. b5 Kd5 41. bxa6 1-0

[Event "January 9 Early 2024"]
[Site "https://www.chess.com"]
[Date "2024.01.11"]
[Round "9"]
[White "Golubev, Mikhail"]
[Black "Ovezdurdyyeva, Jemal"]
[Result "1/2-1/2"]
[Board "112"]
[TimeControl "180+1"]
[WhiteFideId "14100983"]
[BlackFideId "14001888"]
[WhiteElo "2618"]
[BlackElo "2468"]
[WhiteTeam "UKR"]
[BlackTeam "TKM"]
[WhiteClock "0:00:10"]
[BlackClock "0:00:35"]

1. e4 d6 2. f4 Nf6 3. Nc3 c6 4. d4 b5 5. e5 dxe5 6. fxe5 Nd5 7. Nf3 g6 8. a4 b4 9. Ne4 Bg7 10. Bc4 O-O 11. O-O f6 12. Nc5 Qb6 13. exf6 exf6 14. Bf4 a5 15. Qd2 Na6 16. Bxa6 Bxa6 17. Rfe1 Nxf4 18. Qxf4 Bc4 19. Re7 Rae8 20. Rae1 Qd8 21. Rxe8 Rxe8 22. Rxe8+ Qxe8 23. b3 Bd5 24. Kf2 h5 25. Qe3 Qxe3+ 26. Kxe3 Bh6+ 27. Ke2 Bf4 28. g3 Bc7 29. Nd2 Bb6 30. Kd3 Kf7 31. Nd7 Ba7 32. Nc4 Ke7 33. Nc5 Bxc5 34. dxc5 Bxc4+ 35. Kxc4 Kd7 36. c3 bxc3 37. Kxc3 Kc7 38. Kd4 Kd7 39. Kc4 Kc7 40. Kd4 Kd7 41. Kc4 Kc7 42. Kd4 1/2-1/2

[Event "January 9 Early 2024"]
[Site "https://www.chess.com"]
[Date "2024.01.11"]
[Round "9"]
[White "Samarth J Rao"]
[Black "Sanchez Alvares, Kelvin Antonio"]
[Result "0-1"]
[Board "113"]
[TimeControl "180+1"]
[WhiteFideId "46652370"]
[BlackFideId "3906680"]
[WhiteElo "1909"]
[BlackElo "2370"]
[WhiteTeam "IND"]
[BlackTeam "VEN"]
[WhiteClock "0:00:20"]
[BlackClock "0:00:36"]

1. e4 c5 2. Nc3 e6 3. g3 a6 4. Bg2 b5 5. Nge2 Bb7 6. O-O Qc7 7. d3 d6 8. h3 Nd7 9. Kh2 Be7 10. f4 h5 11. Be3 Ngf6 12. Qd2 d5 13. e5 d4 14. exf6 Nxf6 15. Nxd4 cxd4 16. Bxd4 Rc8 17. Bxb7 Qxb7 18. Rac1 Ng4+ 19. Kg1 Bf6 20. Bxf6 Nxf6 21. Qg2 Qb6+ 22. Qf2 Qc6 23. Ne2 Qd5 24. a3 O-O 25. Qd4 Qf5 26. Kh2 Rfd8 27. Qf2 Qd5 28. Qg2 Qd6 29. Ng1 Nd5 30. Rfe1 h4 31. Nf3 hxg3+ 32. Qxg3 Qxf4 33. Qxf4 Nxf4 34. Ne5 f6 35. Ng4 e5 36. Ne3 Kf7 37. Rg1 Ne2 38. Nf5 Nxg1 39. Rxg1 Rxc2+ 40. Kh1 Rxd3 41. Rxg7+ Ke6 42. Ne7 Rd1+ 0-1

[Event "January 9 Early 2024"]
[Site "https://www.chess.com"]
[Date "2024.01.11"]
[Round "9"]
[White "Tqebuchava, Zurab"]
[Black "Pogorelskikh, Sofia"]
[Result "1-0"]
[Board "114"]
[TimeControl "180+1"]
[WhiteFideId "13601113"]
[BlackFideId "44164548"]
[WhiteElo "2144"]
[BlackElo "2254"]
[WhiteTeam "GEO"]
[BlackTeam "SRB"]
[WhiteClock "0:00:19"]
[BlackClock "0:00:01"]

1. e4 c5 2. Nf3 Nc6 3. Bb5 e5 4. Bxc6 dxc6 5. h3 Bd6 6. b3 Nf6 7. d3 h6 8. Bb2 Qc7 9. a4 Be6 10. Nbd2 O-O 11. O-O b5 12. axb5 cxb5 13. Ra6 Nd7 14. Qa1 Nb8 15. Rxd6 Qxd6 16. Bxe5 Qd7 17. Bxg7 Re8 18. Qf6 Qe7 19. Qxh6 f6 20. Bxf6 Qh7 21. Qg5+ Kf8 22. Qxc5+ Kg8 23. Qg5+ Kf8 24. Nd4 Nd7 25. Nxe6+ Rxe6 26. Bb2 Rc8 27. Qxb5 Rxc2 28. Ba3+ Ke8 29. Nc4 Qg6 30. Ne5 Rxe5 31. Qb4 Qf7 32. Qb7 Rg5 33. Qa8+ Nb8 34. Qxb8+ Kd7 35. Qb7+ Ke6 36. Qa6+ Kd7 37. Qxa7+ 1-0

[Event "January 9 Early 2024"]
[Site "https://www.chess.com"]
[Date "2024.01.11"]
[Round "9"]
[White "Ibarra Jerez, Jose Carlos"]
[Black "Yeremyan, Alen"]
[Result "0-1"]
[Board "115"]
[TimeControl "180+1"]
[WhiteFideId "2226332"]
[BlackFideId "13308998"]
[WhiteElo "2929"]
[BlackElo "2800"]
[WhiteTeam "ESP"]
[BlackTeam "ARM"]
[WhiteClock "0:00:06"]
[BlackClock "0:00:11"]

1. e4 c5 2. Nf3 Nc6 3. Nc3 Nf6 4. d4 cxd4 5. Nxd4 e5 6. Ndb5 d6 7. Bg5 a6 8. Na3 b5 9. Bxf6 gxf6 10. Nd5 f5 11. g3 fxe4 12. Bg2 Bf5 13. f3 e3 14. Nxe3 Be6 15. f4 Rc8 16. f5 Qg5 17. Qd3 Bh6 18. fxe6 Qxe3+ 19. Qxe3 Bxe3 20. exf7+ Kxf7 21. c3 Rhd8 22. Nc2 Bg5 23. O-O+ Kg7 24. Bxc6 Rxc6 25. Nb4 Rc5 26. Nxa6 Rc4 27. Rad1 d5 28. Rfe1 d4 29. Rxe5 Bf6 30. Rc5 dxc3 31. Rxd8 c2 32. Rd7+ Kg6 33. Rcd5 c1=Q+ 34. Rd1 Qe3+ 35. Kh1 Qf3+ 36. Kg1 Rc2 37. R7d2 Bd4+ 0-1

[Event "January 9 Early 2024"]
[Site "https://www.chess.com"]
[Date "2024.01.11"]
[Round "9"]
[White "Morales Garcia, Sergio Joshafatt"]
[Black "Janaszak, Dawid"]
[Result "0-1"]
[Board "116"]
[TimeControl "180+1"]
[WhiteFideId "5106249"]
[BlackFideId "1119206"]
[WhiteElo "2456"]
[BlackElo "2621"]
[WhiteTeam "MEX"]
[BlackTeam "POL"]
[WhiteClock "0:00:11"]
[BlackClock "0:00:30"]

1. d4 d5 2. c4 e6 3. Nf3 c5 4. e3 Nf6 5. Nc3 Nc6 6. cxd5 exd5 7. Bb5 Bd6 8. dxc5 Bxc5 9. h3 O-O 10. O-O Bf5 11. b3 Qe7 12. Bb2 Rad8 13. Bxc6 bxc6 14. Nd4 Bd7 15. Qc2 Bd6 16. Nf5 Bxf5 17. Qxf5 g6 18. Qf3 Be5 19. Rac1 Ne4 20. Rc2 f5 21. Ne2 Ng5 22. Qf4 Bxf4 23. Nxf4 Rc8 24. Rfc1 Qd6 25. Rc5 Ne6 26. Ra5 Nxf4 27. exf4 Qd7 28. Bd4 Rc7 29. Be5 Rb7 30. Rac5 Rc8 31. g3 Rb5 32. R5c2 c5 33. Re2 d4 34. Rce1 Re8 35. h4 d3 36. Rd2 c4 37. bxc4 Rc5 38. Re3 Rxc4 39. Rexd3 Rc1+ 40. Kh2 Qc6 41. f3 Rc2 42. h5 gxh5 43. Rd7 Rxd2+ 44. Rxd2 Qxf3 45. Rd7 Rc8 46. Rg7+ Kf8 47. Rxh7 Rc2+ 48. Kh3 Qh1# 0-1

[Event "January 9 Early 2024"]
[Site "https://www.chess.com"]
[Date "2024.01.11"]
[Round "9"]
[White "Korol, Dimitry"]
[Black "Toktomushev, Teimur"]
[Result "1-0"]
[Board "117"]
[TimeControl "180+1"]
[WhiteFideId "14108003"]
[BlackFideId "14176726"]
[WhiteElo "2357"]
[BlackElo "2452"]
[WhiteTeam "UKR"]
[BlackTeam "UKR"]
[WhiteClock "0:00:09"]
[BlackClock "0:00:01"]

1. d4 d5 2. c4 e6 3. Nc3 Nf6 4. cxd5 exd5 5. Bg5 c6 6. e3 Be7 7. Bd3 Nbd7 8. Qc2 Nh5 9. Bxe7 Qxe7 10. Nge2 g6 11. O-O O-O 12. Rae1 Ndf6 13. Qd2 Re8 14. Nc1 Be6 15. f3 c5 16. N1e2 Ng7 17. dxc5 Qxc5 18. Nd4 Bd7 19. Rc1 Qb6 20. Rfe1 Ne6 21. Bf1 a6 22. h3 Re7 23. Nxe6 Bxe6 24. Ne2 Rae8 25. Nd4 Bd7 26. Rc3 Kg7 27. Rec1 Qa7 28. a3 Be6 29. Kf2 Nd7 30. Rc7 Ne5 31. Rxe7 Rxe7 32. Qc3 Kg8 33. Qb4 b5 34. b3 Kg7 35. Qd6 1-0

[Event "January 9 Early 2024"]
[Site "https://www.chess.com"]
[Date "2024.01.11"]
[Round "9"]
[White "Durarbayli, Vasif"]
[Black "Murzin, Volodar"]
[Result "1-0"]
[Board "118"]
[TimeControl "180+1"]
[WhiteFideId "13402935"]
[BlackFideId "44155573"]
[WhiteElo "2835"]
[BlackElo "2926"]
[WhiteTeam "AZE"]
[BlackTeam "FID"]
[WhiteClock "0:00:04"]
[BlackClock "0:00:03"]

1. e4 e5 2. Nc3 Nc6 3. f4 exf4 4. d4 Bb4 5. Bxf4 d5 6. e5 Nge7 7. a3 Bxc3+ 8. bxc3 Bf5 9. Nf3 Qd7 10. Bb5 a6 11. Bd3 h6 12. O-O Nd8 13. e6 Nxe6 14. Ne5 Qa4 15. Nxf7 O-O 16. Nxh6+ gxh6 17. Bxh6 Qc6 18. Qh5 Bxd3 19. cxd3 Ng7 20. Bxg7 Kxg7 21. Qe5+ Kg6 22. Qxe7 Rae8 23. Qh4 Qxc3 24. Qg4+ Kh7 25. Qh5+ Kg7 26. Qg5+ Kh7 27. Qxd5 Qxd3 28. Rf7+ Kg6 29. Raf1 Qe3+ 30. Kh1 Qf2 31. R7xf2 Rxf2 32. Qc4 b5 33. Qc6+ Kg5 34. Qc1+ 1-0

[Event "January 9 Early 2024"]
[Site "https://www.chess.com"]
[Date "2024.01.11"]
[Round "9"]
[White "Khamdamova, Afruza"]
[Black "Cruz, William Ferreira Da"]
[Result "0-1"]
[Board "119"]
[TimeControl "180+1"]
[WhiteFideId "14210444"]
[BlackFideId "2118050"]
[WhiteElo "2510"]
[BlackElo "2355"]
[WhiteTeam "UZB"]
[BlackTeam "BRA"]
[WhiteClock "0:00:04"]
[BlackClock "0:00:45"]

1. e4 e6 2. d4 d5 3. Nd2 c5 4. exd5 Qxd5 5. Ngf3 cxd4 6. Bc4 Qd8 7. O-O a6 8. a4 Nc6 9. Nb3 Qc7 10. Qe2 Bd6 11. Rd1 Nge7 12. Nbxd4 Bd7 13. Be3 O-O 14. c3 e5 15. Nxc6 Bxc6 16. Bb3 Nf5 17. a5 Nxe3 18. Qxe3 e4 19. Nd4 Bxh2+ 20. Kh1 Bf4 21. Qe2 Qd6 22. Kg1 Qh6 23. g3 e3 24. Nxc6 exf2+ 25. Kg2 Qxc6+ 26. Bd5 Qg6 27. Qxf2 Bd6 28. Bxb7 Rab8 29. Bd5 h5 30. Rd4 Bc5 31. b4 Bxd4 32. Qxd4 Rbe8 33. Bf3 Rd8 34. Qf2 Qg5 35. Re1 Rd2 36. Re2 Rfd8 37. Kh3 Qf5+ 38. Kg2 Qg5 39. Kh3 Rxe2 40. Bxe2 Rd2 41. Kg2 Qd5+ 42. Kf1 Qh1+ 0-1

[Event "January 9 Early 2024"]
[Site "https://www.chess.com"]
[Date "2024.01.11"]
[Round "9"]
[White "Agrest, Inna"]
[Black "Abdulrahman Mohammad, Al Taher"]
[Result "1-0"]
[Board "120"]
[TimeControl "180+1"]
[WhiteFideId "1708830"]
[BlackFideId "9310258"]
[WhiteElo "2368"]
[BlackElo "2229"]
[WhiteTeam "SWE"]
[BlackTeam "UAE"]
[WhiteClock "0:00:19"]
[BlackClock "0:00:07"]

1. e4 c5 2. Nf3 Nc6 3. d4 cxd4 4. Nxd4 g6 5. c4 Nf6 6. Nc3 Nxd4 7. Qxd4 d6 8. Be3 Bg7 9. f3 O-O 10. Qd2 Be6 11. b3 Qa5 12. Rc1 Rfc8 13. Be2 a6 14. a4 Qb4 15. Bd1 Nd7 16. O-O Nc5 17. Nd5 Qxd2 18. Bxd2 Bxd5 19. cxd5 Bd4+ 20. Kh1 Nd3 21. Rxc8+ Rxc8 22. g3 Nb2 23. Kg2 Nxd1 24. Rxd1 Rc2 25. Kh3 h5 26. g4 hxg4+ 27. Kxg4 f6 28. h4 Kf7 29. h5 gxh5+ 30. Kxh5 b6 31. Kg4 a5 32. b4 axb4 33. Bxb4 Bc5 34. Bxc5 Rxc5 35. Rb1 Rc4 36. Rxb6 1-0

[Event "January 9 Early 2024"]
[Site "https://www.chess.com"]
[Date "2024.01.11"]
[Round "9"]
[White "Herman, Daniel"]
[Black "Sarkar, Justin"]
[Result "1-0"]
[Board "121"]
[TimeControl "180+1"]
[WhiteFideId "30935008"]
[BlackFideId "2010011"]
[WhiteElo "2433"]
[BlackElo "2294"]
[WhiteTeam "USA"]
[BlackTeam "USA"]
[WhiteClock "0:00:13"]
[BlackClock "0:00:03"]

1. Nf3 Nf6 2. d4 d6 3. g3 g6 4. Bg2 Bg7 5. O-O O-O 6. c4 Nc6 7. Nc3 Bg4 8. h3 Bxf3 9. exf3 e5 10. dxe5 Nxe5 11. Qb3 Rb8 12. Be3 a6 13. Rad1 b5 14. c5 Nc4 15. cxd6 Nxe3 16. fxe3 cxd6 17. e4 Nh5 18. Ne2 Qf6 19. f4 Qxb2 20. Qxb2 Bxb2 21. Rxd6 a5 22. e5 b4 23. g4 Ng7 24. Rfd1 a4 25. Bd5 b3 26. axb3 a3 27. b4 Ne6 28. f5 gxf5 29. gxf5 Nd4 30. Nxd4 Bxd4+ 31. Rxd4 Rb5 32. Ba2 Rxe5 33. Rg4+ Kh8 34. Rf6 Re2 35. Rg2 Rxg2+ 36. Kxg2 Rd8 37. Kf3 Rd2 38. Bc4 Rc2 39. Bd5 Rd2 40. Ke4 1-0